Map: Catallena LE (Void)

Players

SamuraiFunn - Winner!

  • Race: Protoss Protoss
  • Spawn Location: 12:00

A.I. 1 (Harder)

  • Race: Terran Terran
  • Spawn Location: 5:00

VOD

Have the link to the VOD?

Description

Time

  • Played on: Oct. 28, 2017, 9:55 p.m.
  • Length: 10:54
Show
View Real Time Build Order
Export as new Build Order

SamuraiFunn Protoss - Winner!

Build Orders:  

Get SALT Encoding   

  12  0:01  Probe (Chrono Boost)  
  13  0:12  Probe (Chrono Boost)  
  14  0:20  Pylon  
  14  0:23  Probe (Chrono Boost)  
  15  0:39  Probe (Chrono Boost)  
  15  0:40  Gateway  
  16  0:49  Probe (Chrono Boost)  
  17  1:00  Probe (Chrono Boost), Gateway  
  18  1:05  Assimilator  
  18  1:14  Probe (Chrono Boost)  
  18  1:17  Assimilator  
  19  1:24  Probe (Chrono Boost)  
  20  1:35  Probe (Chrono Boost)  
  21  1:43  Zealot  
  23  1:51  Pylon  
  23  2:05  Pylon  
  23  2:09  Probe (Chrono Boost)  
  23  2:11  Nexus  
  24  2:24  Pylon  
  24  2:30  Zealot x2  
  28  2:44  Probe (Chrono Boost)  
  28  2:51  Forge  
  29  2:55  Cybernetics Core  
  29  2:59  Probe (Chrono Boost)  
  29  3:05  Zealot  
  32  3:11  Zealot  
  34  3:15  Probe (Chrono Boost)  
  35  3:32  Protoss Ground Weapons Level 1  
  35  3:35  Zealot  
  37  3:45  Twilight Council  
  37  3:47  Probe (Chrono Boost)  
  38  3:58  Gateway, Probe (Chrono Boost)  
  38  4:00  Probe (Chrono Boost)  
  40  4:07  Zealot  
  42  4:11  Probe (Chrono Boost)  
  42  4:13  Zealot  
  46  4:31  Probe (Chrono Boost)  
  46  4:34  Zealot  
  48  4:42  Probe (Chrono Boost)  
  49  4:53  Zealot  
  49  4:55  Zealot  
  53  5:04  Gateway  
  53  5:13  Pylon  
  53  5:15  Pylon  
  53  5:16  Probe (Chrono Boost)  
  53  5:19  Probe (Chrono Boost)  
  55  5:25  Stalker  
  55  5:26  Protoss Ground Armor Level 1, Stalker x2  
  55  5:27  Probe (Chrono Boost)  
  62  5:31  Probe (Chrono Boost)  
  63  5:42  Probe (Chrono Boost), Pylon  
  64  5:52  Probe (Chrono Boost)  
  64  5:57  Stalker  
  67  5:59  Pylon, Stalker  
  67  6:00  Stalker  
  67  6:01  Stalker  
  67  6:03  Probe (Chrono Boost)  
  74  6:10  Pylon  
  74  6:26  Stalker  
  74  6:29  Stalker  
  74  6:30  Stalker  
  74  6:31  Stalker  
  82  6:37  Nexus  
  82  6:43  Pylon  
  82  6:48  Charge  
  82  6:56  Stalker  
  84  7:04  Probe (Chrono Boost)  
  85  7:16  Probe (Chrono Boost)  
  85  7:20  Protoss Shields Level 1  
  86  7:26  Probe (Chrono Boost)  
  88  7:37  Probe (Chrono Boost)  
  88  7:43  Stalker  
  88  7:44  Stalker x3  
  94  7:47  Probe (Chrono Boost)  
  97  7:58  Probe (Chrono Boost)  
  98  8:05  Assimilator  
  98  8:10  Assimilator  
  98  8:13  Zealot  
  98  8:14  Zealot x3  
  106  8:28  Blink  
  106  8:41  Zealot x4  
  90  9:15  Zealot  
  90  9:16  Zealot x3  
  98  9:22  Robotics Facility  
  98  9:24  Robotics Facility  
  98  9:25  Robotics Facility  
  98  9:42  Stalker x2  
  98  9:43  Stalker x2  
  102  10:12  Zealot  
  102  10:13  Zealot x3  
  110  10:23  Probe (Chrono Boost)  
  111  10:33  Probe (Chrono Boost)  
  124  10:44  Probe (Chrono Boost)  
Show
View Real Time Build Order
Export as new Build Order

A.I. 1 (Harder) Terran 

Build Orders: MMM Bio 

Get SALT Encoding   

  12  0:00  SCV  
  13  0:13  SCV  
  14  0:19  Supply Depot  
  14  0:25  SCV  
  15  0:40  SCV  
  15  0:42  Barracks  
  16  0:49  Refinery  
  16  0:52  SCV  
  17  1:05  SCV  
  18  1:17  SCV  
  19  1:20  Supply Depot  
  19  1:28  Marine  
  19  1:29  Orbital Command  
  20  1:40  Barracks  
  20  1:46  Marine  
  21  1:48  Refinery  
  21  1:54  SCV  
  22  2:04  Barracks Tech Lab  
  22  2:06  Supply Depot  
  24  2:23  Marauder  
  24  2:27  Marine  
  25  2:39  Supply Depot  
  25  2:44  Marine  
  26  2:45  Marine  
  27  2:58  SCV  
  28  3:02  Marauder  
  28  3:03  Marine  
  31  3:10  SCV, Engineering Bay  
  32  3:21  Marine  
  32  3:22  SCV  
  32  3:23  Marauder  
  32  3:25  Supply Depot  
  36  3:34  SCV  
  37  3:45  Marauder  
  37  3:46  SCV  
  40  3:58  SCV  
  41  4:06  Marauder  
  43  4:10  SCV  
  44  4:27  Marauder  
  46  4:48  Barracks Tech Lab  
  46  4:49  Stimpack  
  46  4:51  Factory  
  46  4:52  Ghost Academy  
  46  4:55  Factory, Command Center  
  46  5:05  Combat Shields  
  46  5:21  Marine  
  47  5:23  Supply Depot  
  47  5:26  Ghost  
  49  5:29  Terran Infantry Weapons Level 1  
  49  5:35  Factory Tech Lab  
  49  5:38  Marine  
  49  5:39  Starport  
  49  5:41  Starport, Factory Tech Lab  
  50  5:55  Marine  
  50  5:56  Marine  
  52  6:05  Missile Turret  
  52  6:07  SCV x2  
  52  6:10  Refinery  
  54  6:13  Marine  
  54  6:14  Ghost  
  54  6:17  Starport Tech Lab, Refinery  
  57  6:18  Starport Tech Lab  
  57  6:19  SCV  
  57  6:20  SCV  
  57  6:24  Concussive Shells  
  59  6:31  SCV  
  60  6:33  SCV  
  61  6:40  Missile Turret  
  61  6:42  Raven  
  61  6:43  SCV  
  61  6:45  SCV, Missile Turret  
  65  6:53  Missile Turret  
  65  6:55  SCV  
  65  6:57  SCV  
  67  7:02  Raven  
  67  7:04  Bunker  
  67  7:08  SCV  
  70  7:09  SCV  
  70  7:10  Supply Depot  
  71  7:17  Bunker  
  71  7:20  SCV  
  71  7:22  SCV  
  73  7:23  Terran Infantry Armor Level 1  
  73  7:31  Sensor Tower  
  73  7:32  SCV  
  73  7:34  SCV  
  75  7:41  Armory  
  76  7:44  SCV  
  76  7:46  SCV  
  76  7:49  Supply Depot  
  77  7:56  SCV  
  77  7:58  SCV, Barracks  
  79  8:08  SCV  
  80  8:45  Barracks Reactor  
  80  8:48  Medivac, Marine  
  80  8:49  Medivac  
  80  8:51  Widow Mine  
  80  8:52  Factory  
  80  8:55  Marine  
  74  8:57  Starport  
  74  8:59  Supply Depot, Siege Tank  
  62  9:05  Marine  
  55  9:12  Command Center  
  55  9:13  Marine  
  43  9:18  Medivac  
  43  9:19  Viking  
  43  9:21  Marine  
  43  9:23  Marine  
  49  9:25  Marine  
  49  9:30  Marine  
  47  9:38  Starport Reactor, Factory Tech Lab  
  42  9:39  Marine  
  42  9:41  Marine  
  41  9:48  Raven  
  24  10:03  SCV  
  7  10:15  SCV  
Tags
 
Composition
MMM Bio
Matchup
PvT
Replay Pack
First 100 games
Spawn Locations
Cross Positions
Add a new tag
Caveats
  • Supply blocks, unpowered buildings, or Contaminate may cause inaccurate times.
  • Supply counts are checked every 10 seconds.